 Dungeon Crawl Stone Soup version 0.27.0-1-g7a089689b8 (webtiles) character file.

Game seed: 15809608636968149608

39 H0rd4k the Caller (level 3, 0/24 HPs)
             Began as a Barachi Summoner on Aug 6, 2021.
             Succumbed to an adder's poison
             ... on level 3 of the Dungeon.
             The game lasted 00:03:34 (2418 turns).

H0rd4k the Caller (Barachi Summoner)                Turns: 2418, Time: 00:03:35

Health: 0/24       AC:  2    Str:  9    XL:     3   Next: 45%
Magic:  3/7        EV: 12    Int: 16    God:
Gold:   66         SH:  0    Dex: 12    Spells: 3/7 levels left

rFire    . . .     SeeInvis .   (no weapon)
rCold    . . .     Faith    .   (no shield)
rNeg     . . .     Spirit   .   a - +0 robe
rPois    .         Reflect  .   (no helmet)
rElec    .         Harm     .   (no cloak)
rCorr    .         Rampage  .   (no gloves)
Will     .....                  (no boots)
Stlth    ++........             (no amulet)
HPRegen  0.08/turn              (no ring)
MPRegen  0.10/turn              (no ring)

@: lethally poisoned (0 -> -6), flying, slow
A: amphibious, slowness 1, strong legs 1, +LOS
a: Hop


You were on level 3 of the Dungeon.
You visited 1 branch of the dungeon, and saw 3 of its levels.

You collected 66 gold pieces.

Inventory:

Missiles
 j - 9 poisoned darts
Armour
 a - a +0 robe (worn)
Jewellery
 h - a +4 ring of evasion
Wands
 k - a wand of iceblast (7)
Scrolls
 b - a scroll of identify {unknown}
 d - 2 scrolls of vulnerability {unknown}
 e - a scroll of silence {unknown}
Potions
 c - 2 potions of attraction


   Skills:
 + Level 2.3 Dodging
 - Level 1.7 Stealth
 * Level 2.9 Spellcasting
 * Level 5.6 Summonings


You had 3 spell levels left.
You knew the following spells:

 Your Spells              Type           Power      Damage    Failure   Level
a - Summon Small Mammal   Summ           80%        N/A       1%          1
b - Call Canine Familiar  Summ           20%        N/A       5%          3

Your spell library contained the following spells:

 Spells                   Type           Power      Damage    Failure   Level
 Call Imp                 Summ           20%        N/A       2%          2
 Summon Guardian Golem    Hex/Summ       11%        N/A       19%         3
 Gell's Gravitas          Tloc           1%         N/A       50%         3
 Lesser Beckoning         Tloc           1%         N/A       50%         3
 Teleport Other           Tloc           2%         N/A       50%         3
 Summon Lightning Spire   Summ/Air       11%        N/A       52%         4


Dungeon Overview and Level Annotations

Branches:
Dungeon (3/15)

Altars:


Innate Abilities, Weirdness & Mutations

You are amphibious.
You cover ground slowly.
You can hop short distances.
You have an extended range of vision and can be seen from far away.


Message History

You are too injured to fight recklessly!
Unknown command.
Casting: Summon Small Mammal (safe; 1% risk of failure)
Confirm with . or Enter, or press ? or * to list all spells.
The adder hisses angrily.
Casting: Summon Small Mammal (safe; 1% risk of failure)
Confirm with . or Enter, or press ? or * to list all spells.
The adder closely misses you.
Your rat bites the adder.
Casting: Summon Small Mammal (safe; 1% risk of failure)
Confirm with . or Enter, or press ? or * to list all spells.
The adder bites you.
Your rat barely misses the adder.
The adder bites you.
* * * LOW HITPOINT WARNING * * *
Your rat closely misses the adder.
Unknown command.
It was a potion of attraction.
You feel attractive to monsters. The adder barely misses you.
Your quokka completely misses the adder.
Your rat closely misses the adder. x2
It was a potion of brilliance.
You feel clever all of a sudden. The adder bites you.
* * * LOW HITPOINT WARNING * * *
Your quokka bites the adder.
Your rat misses the adder. x2
It was a potion of cancellation.
Your magical effects are unravelling.
You feel magically purged.
You feel a little less clever now. The adder bites you.
* * * LOW HITPOINT WARNING * * *
You are lethally poisoned!
The adder poisons you!
Your quokka bites the adder.
Your rat closely misses the adder.
Your rat bites the adder but does no damage.
You feel less attractive to monsters.
It was a potion of flight.
You feel very buoyant.
You fly up into the air.
You are ready to hop once more.
You die... #### #@S# #rrr# ##.+# ##

You could see an adder (ally target), a friendly quokka (summoned) and 2 friendly rats.

Vanquished Creatures (collateral kills)
  Jessica (D:2)
  An adder (D:2)
  A worm (D:2)
  2 dart slugs (D:1)
  5 endoplasms
  5 goblins
  2 hobgoblins (D:1)
  A quokka (D:1)
  2 ball pythons (D:1)
  4 bats (D:1)
  A frilled lizard (D:1)
  2 kobolds (D:1)
  2 rats (D:2)
29 creatures vanquished.

Vanquished Creatures (others)
  A withered plant (D:1)
1 creature vanquished.

Grand Total: 30 creatures vanquished

Notes
Turn   | Place    | Note
-------+----------+-------------------------------------------
     0 | D:1      | H0rd4k the Barachi Summoner began the quest for the Orb.
     0 | D:1      | Reached XP level 1. HP: 13/13 MP: 3/3
   274 | D:1      | Reached skill level 5 in Summonings
   413 | D:1      | Found a faded altar of an unknown god.
   425 | D:1      | Reached XP level 2. HP: 19/19 MP: 0/5
  2037 | D:2      | Noticed Jessica
  2055 | D:2      | Killed Jessica
  2056 | D:2      | Reached XP level 3. HP: 20/24 MP: 2/7
  2060 | D:2      | Learned a level 3 spell: Call Canine Familiar
  2418 | D:3      | Succumbed to an adder's poison

Illustrated notes

Levels and vault maps discovered:
D:1:      dpeg_arrival_oval, layout_basic, ebering_ecumenical_altar_petrified
D:2:      layout_basic, grunt_ministairs_9, hex_large, item_on_display_a,
          uniq_jessica, uniq_sigmund
D:3:      minmay_evil_eye, layout_loops_corners, nemelex_dance_club_becter,
          minitemple, portal_sewer_entry_a, grunt_ministairs_6

Skill      XL: |  1 |
---------------+----+-----
Summonings     | 5 |  5.6
Dodging        | |  2.3
Stealth        | |  1.7
Spellcasting   | |  2.9

Action                   || total
-------------------------++-------
 Cast: Summon Small Mamm ||    88
 Abil: Hop               ||     2
  Use: Potion            ||     4
Armor: Robe              ||    13
Dodge: Dodged            ||    49
